 Dungeon Crawl Stone Soup version 0.19.1-1-g22dce08 (webtiles) character file.

58 Peloso the Skirmisher (level 4, 0/39 (40) HPs)
             Began as a Ghoul Fighter on Jan 5, 2017.
             Slain by a gnoll
             ... wielding a cursed -1 halberd
              (4 damage)
             ... on level 1 of the Dungeon.
             The game lasted 00:03:25 (1128 turns).

Peloso the Skirmisher (Ghoul Fighter)               Turns: 1128, Time: 00:03:26

HP:   0/39 (40)     AC:  6    Str: 19    XL:     4   Next: 1%
MP:   3/3           EV:  7    Int:  3    God:
Gold: 52            SH:  9    Dex:  9    Spells: 0 memorised, 3 levels left

rFire  . . .     SeeInvis .     a - +0 long sword
rCold  + . .     Gourm    .     b - +0 scale mail
rNeg   + + +     Faith    .     c - +0 shield
rPois  ∞         Spirit   .     (no helmet)
rElec  .         Reflect  .     (no cloak)
rCorr  .         Harm     .     (no gloves)
MR     .....                    (no boots)
Stlth  ..........               (no amulet)
                                (no ring)
                                (no ring)

@: rotting
A: rotting body, claws 1, carnivore 3, cold resistance 1, negative energy
resistance 3, slow regeneration 1, torment resistance, unbreathing
a: no special abilities


You were on level 1 of the Dungeon.
You were not hungry.

You visited 1 branch of the dungeon, and saw 2 of its levels.

You collected 52 gold pieces.

Inventory:

Hand Weapons
 a - a +0 long sword (weapon)
Armour
 b - a +0 scale mail (worn)
 c - a +0 shield (worn)
Scrolls
 e - a scroll of remove curse {unknown}
 i - a scroll of identify {unknown}
Potions
 d - a potion of might
 g - a potion of agility {unknown}
 h - 2 potions of curing {unknown}
 j - a potion of brilliance {unknown}
 k - a potion of cure mutation {unknown}
Comestibles
 f - 2 meat rations
 l - a beef jerky


   Skills:
 + Level 3.7 Fighting
 + Level 2.2 Long Blades
 + Level 3.1 Armour
 + Level 0.1 Dodging
 + Level 3.3 Shields


You had 3 spell levels left.
You didn't know any spells.

Dungeon Overview and Level Annotations

Branches:
Dungeon (2/15)

Altars:


Innate Abilities, Weirdness & Mutations

Your body is rotting away.
You thrive on raw meat.
You are immune to poison.
You have sharp fingernails.
You are carnivorous and can eat meat at any time.
Your flesh is cold resistant. (rC+)
You are immune to negative energy. (rN+++)
You regenerate slowly when monsters are visible.
You are immune to unholy pain and torment.
You can survive without breathing.


Message History

You hit the gnoll.
The gnoll is moderately wounded.
The gnoll hits you but does no damage. The gnoll closely misses you.
The gnoll hits you but does no damage.
You barely miss the gnoll.
The gnoll is moderately wounded.
The gnoll hits you with an enchanted halberd!
The gnoll hits you from afar with a spear.
The gnoll barely misses you.
You hit the gnoll but do no damage.
The gnoll is moderately wounded.
You block the gnoll's attack.
The gnoll hits you with an enchanted halberd!
* * * LOW HITPOINT WARNING * * *
You closely miss the gnoll.
The gnoll is moderately wounded.
The gnoll hits you from afar with a spear.
* * * LOW HITPOINT WARNING * * *
The gnoll hits you with an enchanted halberd.
You die...

###.#.### #...#.÷.###
#########.#####....
#...........#...###
#.##.##.###.#.###
#.##.##.###...####
#.##.##...†..)...#
###.##.#######.###.#
####...@gg.# #.###.##
##.##.#####.# #.......
##.#.#.# #.######.###...
#.###..# #.g....)..#####
##.#.#.# #...>)....# #
##.##.#####.######..## #
#.##.....))# #.....# #
#.################### ##
#...........#.##.(..###.


You could see 2 gnolls.

Vanquished Creatures
  2 adders (D:1)
  A gnoll (D:1)
  2 leopard geckos (D:1)
  2 bats (D:1)
  4 giant cockroaches (D:1)
  3 goblins (D:1)
  3 hobgoblins (D:1)
  5 frilled lizards (D:1)
  4 kobolds (D:1)
  3 rats (D:1)
29 creatures vanquished.

Notes
Turn   | Place    | Note
-------+----------+-------------------------------------------
     0 | D:1      | Peloso the Ghoul Fighter began the quest for the Orb.
     0 | D:1      | Reached XP level 1. HP: 19/19 MP: 0/0
    85 | D:1      | Reached XP level 2. HP: 8/24 MP: 1/1
   296 | D:1      | Reached XP level 3. HP: 26/33 MP: 2/2
  1014 | D:1      | Reached XP level 4. HP: 26/40 MP: 3/3
  1128 | D:1      | Slain by a gnoll

Skill      XL: |  1  2  3 |
---------------+----------+-----
Shields        | 3 |  3.3
Armour         | 3 |  3.1
Long Blades    | 2 |  2.2
Fighting       | |  3.7
Dodging        | |  0.1

Action                   |  1- 3 |  4- 6 || total
-------------------------+-------+-------++-------
Melee: Long sword        |   106 |     4 ||   110
  Eat: Chunk             |     6 |       ||     6
Armor: Scale mail        |    46 |     3 ||    49
Dodge: Dodged            |    37 |     5 ||    42
Block: Shield            |    68 |     6 ||    74
       Rpst.: Long sword |     8 |       ||     8
